 Dungeon Crawl Stone Soup version 0.26-a0-519-gb2f46ef (webtiles) character file.

Game seed: 5677641572543029717

28 sauken the Ruffian (level 3, -3/43 HPs)
             Began as a Barachi Warper on Aug 11, 2020.
             Slain by an iguana (6 damage)
             ... on level 6 of the Dungeon.
             The game lasted 00:02:50 (441 turns).

sauken the Ruffian (Barachi Warper)                  Turns: 441, Time: 00:02:50

Health: -3/43      AC: 21    Str: 13    XL:     3   Next: 12%
Magic:  6/6        EV:  2    Int:  9    God:
Gold:   17         SH:  0    Dex: 11    Spells: 6/6 levels left

rFire    . . .     SeeInvis .     - Unarmed
rCold    . . .     Faith    .   (no shield)
rNeg     + + +     Spirit   .   (armour currently unavailable)
rPois    +         Reflect  .   (helmet currently unavailable)
rElec    .         Harm     .   (cloak currently unavailable)
rCorr    .         NoTele   +   (gloves currently unavailable)
MR       .....                  (boots currently unavailable)
Stlth    +.........             (no amulet)
HPRegen  0.14/turn              e - -4 ring of intelligence (curse)
MPRegen  0.10/turn              (no ring)

@: lethally poisoned (-3 -> -4), tree-form
A: +LOS, swims
a: no special abilities


You were on level 6 of the Dungeon.
You were a tree.
You visited 1 branch of the dungeon, and saw 5 of its levels.

You collected 17 gold pieces.

Inventory:

Missiles
 f - 3 poisoned darts (quivered)
Armour
 a - a +0 leather armour (melded)
Jewellery
 e - a cursed -4 ring of intelligence (left branch)


   Skills:
 + Level 3.1 Fighting
 - Level 1.0 Throwing
 - Level 1.2 Armour
 - Level 2.1 Dodging
 * Level 3.4 Unarmed Combat
 - Level 2.1 Spellcasting
   Level 3.2 Translocations


You had 6 spell levels left.
You didn't know any spells.
Your spell library contained the following spells:

 Spells                   Type           Power        Failure   Level
 Blink                    Tloc           N/A          13%         2
 Gell's Gravitas          Tloc           #.........   26%         3
 Lesser Beckoning         Tloc           #.........   26%         3
 Teleport Other           Tloc           #.......     26%         3
 Passage of Golubria      Tloc           N/A          63%         4


Dungeon Overview and Level Annotations

Branches:
Dungeon (6/15)             Temple (0/1) D:6

Altars:
Ashenzari


Innate Abilities, Weirdness & Mutations

You can be seen from farther away. (+LOS)
You can swim through water.
((You cover ground slowly.))
((You can hop short distances.))


Message History

Unknown command.
You completely miss the iguana.
You are ready to hop once more.
You feel sick.
The iguana bites you but does no damage.
The quokka skeleton bites you but does no damage.
You take 1 damage, and have 3/43 hp.
Unknown command.
Throwing (i - inventory)
f - 5 poisoned darts (quivered)
Aim: an iguana (moderately wounded, very poisoned)
You throw a poisoned dart.
The poisoned dart closely misses the iguana.
The iguana bites you but does no damage.
The quokka skeleton bites you but does no damage.
Unknown command.
Throwing (i - inventory)
f - 4 poisoned darts (quivered)
Aim: an iguana (moderately wounded, very poisoned)
You throw a poisoned dart. The poisoned dart hits the iguana.
The iguana bites you.
You die...

......?.### .. .
#...# .# .#
#.#.##.##.#
#.#.......#
#.#.......#
#.#.#...#.#
#.#....(..#
#l#.Z.l...#
..#.#♣..#.#
####.#..)....#
.....#.......# #
#..#.#.#?..#.# #
##.#..#.#.......#
#.#..#..#.#.......#
#.........#.#...#.#
##...##.l#.#)......#
...........# ..>..
########.#

Skill      XL: |  1  2 |
---------------+-------+-----
Fighting       | 3 |  3.1
Unarmed Combat | 3 |  3.4
Throwing       | |  1.0
Armour         | |  1.2
Dodging        | |  2.1
Spellcasting   | |  2.1
Translocations | |  3.2

Notes
Turn   | Place    | Note
-------+----------+-------------------------------------------
     0 | D:1      | sauken the Barachi Warper began the quest for the Orb.
     0 | D:1      | Reached XP level 1. HP: 17/17 MP: 3/3
   104 | D:1      | Reached XP level 2. HP: 8/23 MP: 5/5
   239 | D:2      | Found a shattered altar of Ashenzari.
   310 | D:2      | You fall into a shaft and drop 2 floors!
   326 | D:5      | Entered Level 5 of the Dungeon
   405 | D:6      | HP: 1/23 [iguana (12)]
   420 | D:6      | Found a staircase to the Ecumenical Temple.
   423 | D:6      | HP: 3/34 [white imp/puff of frost (6)]
   427 | D:6      | Reached skill level 3 in Fighting
   427 | D:6      | Reached skill level 3 in Unarmed Combat
   432 | D:6      | HP: 8/36 [iguana (3)]
   433 | D:6      | Reached XP level 3. HP: 10/29 MP: 6/6
   437 | D:6      | HP: 4/43 [iguana (3)]
   441 | D:6      | Slain by an iguana

Table legend: (Time is in decaauts)
 A = Elapsed time spent in this place.
 B = Non-inter-level travel time spent in this place.
 C = Inter-level travel time spent in this place.
 D = Time resting spent in this place.
 E = Time spent auto-exploring this place.
 F = Levels seen in this place.
 G = Mean time per level.
                   A        B        C        D        E       F      G
               +--------+--------+--------+--------+--------+-----+--------+
         Total |    483 |    483 |      0 |    107 |     27 |   5 |   96.6 |
       Dungeon |    483 |    483 |      0 |    107 |     27 |   5 |   96.6 |
               +--------+--------+--------+--------+--------+-----+--------+

Top non-repeatable levels by time:
     D:1: 244 daAuts
     D:6: 95 daAuts
     D:2: 94 daAuts
     D:5: 32 daAuts
     D:4: 16 daAuts

Table legend:
 A = Kills in this place as a percentage of kills in entire the game.
 B = Kills by you in this place as a percentage of kills by you in the entire game.
 C = Kills by friends in this place as a percentage of kills by friends in the entire game.
 D = Other kills in this place as a percentage of other kills in the entire game.
 E = Experience gained in this place as a percentage of experience gained in the entire game.
 F = Experience gained in this place divided by the number of levels of this place that you have seen.
                   A       B       C       D       E      F
               +-------+-------+-------+-------+-------+----------------------
         Total | 100.0 | 100.0 |   N/A |   N/A | 100.0 |   8.0
       Dungeon | 100.0 | 100.0 |   N/A |   N/A | 100.0 |   8.0
               +-------+-------+-------+-------+-------+----------------------

Action                   || total
-------------------------++-------
Melee: Unarmed           ||    38
       Punch             ||     1
Throw: Dart              ||    24
       Boomerang         ||     5
 Abil: Hop               ||     2
  Use: Scroll            ||     3
       Potion            ||     3
Armor: Leather armour    ||    10
       Skin              ||    37
Dodge: Dodged            ||    42

Vanquished Creatures
  An adder (D:6)
  A white imp (D:6)
  A dart slug (D:1)
  A bat (D:1)
  A goblin (D:1)
  2 hobgoblins (D:1)
  A quokka (D:6)
  2 frilled lizards
  A rat (D:1)
11 creatures vanquished. You could see an iguana (very poisoned) and a quokka skeleton.

Levels and vault maps discovered:
D:1:      wheals_arrival_shading, layout_rooms, minmay_misc_feat_plants
D:2:      layout_rooms, minitemple, evilmike_ruin_ashenzari
D:4:      layout_loops_corners, grunt_qazlal_clouds, lemuel_round_altar,
          nemelex_xobeh_ov_fountains_minmay
D:5:      layout_loops_cross, brannock_xom_greatest_gift
D:6:      layout_loops_ring, fedhas_bush_and_centaur_altar, temple_hall,
          minmay_curled_crystal, minivault_25, minivault_4,
          minmay_misc_feat_roman
